TOP OF THE 1ST |
Mobile BayBears batting - Pitching for Harrisburg Senators : RHP Ivano Galikov
|
Pitching: RHP Ivano Galikov
|
|
Batting: RHB Carlos Ballesteros
|
0-0: Ball 1-0: SINGLE (Groundball, 6MD, EV 105.0 MPH)
|
Batting: SHB Ed Vargas
|
0-0: Ball 1-0: Called Strike 1-1: Ball 2-1: Foul Ball, location: 2F 2-2: Foul Ball, location: 2F 2-2: Ball 3-2: Base on Balls Carlos Ballesteros to second
|
Batting: RHB Josh Burrows
|
0-0: Called Strike 0-1: Fly out, F8 (Flyball, 8RD, EV 88.8 MPH)
|
Batting: RHB Blake Beale
|
0-0: Swinging Strike 0-1: Ball 1-1: Swinging Strike 1-2: Foul Ball, location: 2F 1-2: Ball 2-2: Foul Ball, location: 2F 2-2: Strikes out swinging
|
Batting: RHB Chris Bittner
|
0-0: Foul Ball, location: 2F 0-1: Ball 1-1: Ball 2-1: Ball 3-1: Fly out, F7 (Flyball, 78M, EV 92.5 MPH)
|
Top of the 1st over - 0 runs, 1 hit, 0 errors, 2 left on base; Mobile 0 - Harrisburg 0 |
BOTTOM OF THE 1ST |
Harrisburg Senators batting - Pitching for Mobile BayBears : LHP David Legg
|
Pitching: LHP David Legg
|
|
Batting: RHB Mike Buchanan
|
0-0: Called Strike 0-1: Foul Ball, location: 2F 0-2: Ball 1-2: Ball 2-2: SINGLE (Line Drive, 3D, EV 105.0 MPH)
|
Batting: RHB Pat Drader
|
0-0: Fly out, F5 (Line Drive, 56D, EV 70.0 MPH)
|
Batting: RHB Jim Miske
|
0-0: Ball 1-0: Called Strike 1-1: Foul Ball, location: 2F 1-2: Ball 2-2: SINGLE (Line Drive, 8RS, EV 98.1 MPH) Mike Buchanan to second Runner from 2nd tries for 3rd, SAFE after rundown.
|
Batting: RHB Slavik Nebrodov
|
0-0: Fly out, F7 (Flyball, 78D, EV 80.0 MPH) Runner from 3rd tags up, OUT at HOME! 7-2
|
Bottom of the 1st over - 0 runs, 2 hits, 0 errors, 1 left on base; Mobile 0 - Harrisburg 0 |
TOP OF THE 2ND |
Mobile BayBears batting - Pitching for Harrisburg Senators : RHP Ivano Galikov
|
Batting: RHB Will Washburn
|
0-0: Ball 1-0: DOUBLE (Groundball, 3L, EV 96.9 MPH)
|
Batting: RHB Paul Schreiber
|
0-0: Ball 1-0: Called Strike 1-1: Ball Wild Pitch! Will Washburn to third 2-1: Swinging Strike 2-2: Foul Ball, location: 2F 2-2: Ground out U3 (Groundball, 34, EV 88.1 MPH) Will Washburn scores
|
Batting: RHB Jeremy Adams
|
0-0: Foul Ball, location: 2F 0-1: Ball 1-1: Ball 2-1: Swinging Strike 2-2: Ball 3-2: Foul Ball, location: 2F 3-2: Strikes out looking
|
Batting: RHB Curt Barrett
|
0-0: Ground out 4-3 (Groundball, 4M, EV 85.6 MPH)
|
Top of the 2nd over - 1 run, 1 hit, 0 errors, 0 left on base; Mobile 1 - Harrisburg 0 |
BOTTOM OF THE 2ND |
Harrisburg Senators batting - Pitching for Mobile BayBears : LHP David Legg
|
Batting: RHB Antonio Laurel
|
0-0: Foul Ball, location: 2F 0-1: Ball 1-1: Foul Ball, location: 2F 1-2: Strikes out swinging
|
Batting: LHB Evan Oliveri
|
0-0: Foul Ball, location: 2F 0-1: Foul Ball, location: 2F 0-2: Fly out, F7 (Flyball, 78S, EV 90.6 MPH)
|
Batting: RHB Antonio Morado
|
0-0: Called Strike 0-1: Called Strike 0-2: Strikes out swinging
|
Bottom of the 2nd over - 0 runs, 0 hits, 0 errors, 0 left on base; Mobile 1 - Harrisburg 0 |
TOP OF THE 3RD |
Mobile BayBears batting - Pitching for Harrisburg Senators : RHP Ivano Galikov
|
Batting: RHB Carlos Ballesteros
|
0-0: Called Strike 0-1: Ball 1-1: Ball 2-1: Called Strike 2-2: Strikes out looking
|
Batting: SHB Ed Vargas
|
0-0: Foul Ball, location: 2F 0-1: Ball 1-1: Called Strike 1-2: Ground out 3-1 (Groundball, 13, EV 78.1 MPH)
|
Batting: RHB Josh Burrows
|
0-0: Ball 1-0: Fly out, F8 (Flyball, 78D, EV 86.9 MPH)
|
Top of the 3rd over - 0 runs, 0 hits, 0 errors, 0 left on base; Mobile 1 - Harrisburg 0 |
BOTTOM OF THE 3RD |
Harrisburg Senators batting - Pitching for Mobile BayBears : LHP David Legg
|
Batting: LHB Kyung-jin Cho
|
0-0: Ball 1-0: Foul Ball, location: 2F 1-1: Foul Ball, location: 2F 1-2: Ball 2-2: SOLO HOME RUN (Flyball, 89XD, EV 115.6 MPH), Distance : 458 ft
|
Batting: RHB Kevin Wick
|
0-0: Swinging Strike 0-1: Foul Ball, location: 2F 0-2: Ball 1-2: Foul Ball, location: 2F 1-2: Ball 2-2: Ground out 5-3 (Groundball, 5, EV 80.0 MPH)
|
Batting: RHB Mike Buchanan
|
0-0: Called Strike 0-1: Ground out 5-3 (Groundball, 56S, EV 83.1 MPH)
|
Batting: RHB Pat Drader
|
0-0: Ball 1-0: Ball 2-0: Called Strike 2-1: Ball 3-1: Called Strike 3-2: Ground out 4-3 (Groundball, 4, EV 83.1 MPH)
|
Bottom of the 3rd over - 1 run, 1 hit, 0 errors, 0 left on base; Mobile 1 - Harrisburg 1 |
TOP OF THE 4TH |
Mobile BayBears batting - Pitching for Harrisburg Senators : RHP Ivano Galikov
|
Batting: RHB Blake Beale
|
0-0: Called Strike 0-1: Ball 1-1: Foul Ball, location: 2F 1-2: Strikes out swinging
|
Batting: RHB Chris Bittner
|
0-0: Ball 1-0: Foul Ball, location: 2F 1-1: Ball 2-1: Called Strike 2-2: Foul Ball, location: 2F 2-2: Fly out, F7 (Flyball, 7LM, EV 93.8 MPH)
|
Batting: RHB Will Washburn
|
0-0: Ball 1-0: Swinging Strike 1-1: Foul Ball, location: 2F 1-2: Ground out 6-3 (Groundball, 56D, EV 86.2 MPH)
|
Top of the 4th over - 0 runs, 0 hits, 0 errors, 0 left on base; Mobile 1 - Harrisburg 1 |
BOTTOM OF THE 4TH |
Harrisburg Senators batting - Pitching for Mobile BayBears : LHP David Legg
|
Batting: RHB Jim Miske
|
0-0: Ball 1-0: Ball 2-0: Foul Ball, location: 2F 2-1: Ball 3-1: Called Strike 3-2: Base on Balls
|
Batting: RHB Slavik Nebrodov
|
0-0: Called Strike Jim Miske steals 2nd base 0-1: Ball 1-1: Swinging Strike 1-2: Foul Ball, location: 2F 1-2: Ball 2-2: Ball 3-2: Base on Balls
|
Batting: RHB Antonio Laurel
|
0-0: Ball 1-0: SINGLE (Groundball, 6MD, EV 98.1 MPH) Jim Miske to third Slavik Nebrodov to second
|
Batting: LHB Evan Oliveri
|
0-0: Hit by Pitch Jim Miske scores Slavik Nebrodov to third Antonio Laurel to second
|
Batting: RHB Antonio Morado
|
0-0: GRAND SLAM HOME RUN (Flyball, 7LD, EV 98.8 MPH), Distance : 348 ft
|
Pitching: RHP Manuel Maldonado
|
|
Batting: LHB Kyung-jin Cho
|
0-0: DOUBLE (Line Drive, 7LM, EV 106.9 MPH)
|
Batting: RHB Kevin Wick
|
0-0: Ground out 5-3 (Groundball, 56S, EV 66.2 MPH) Kyung-jin Cho to third
|
Batting: RHB Mike Buchanan
|
0-0: Called Strike 0-1: Fly out, F8 (Flyball, 78S, EV 81.9 MPH) Runner from 3rd tags up, SCORES, throw by CF
|
Batting: RHB Pat Drader
|
0-0: Called Strike 0-1: Ground out 4-3 (Groundball, 4S, EV 66.2 MPH)
|
Bottom of the 4th over - 6 runs, 3 hits, 0 errors, 0 left on base; Mobile 1 - Harrisburg 7 |
TOP OF THE 5TH |
Mobile BayBears batting - Pitching for Harrisburg Senators : RHP Ivano Galikov
|
Batting: RHB Paul Schreiber
|
0-0: SINGLE (Line Drive, 9S, EV 98.1 MPH)
|
Batting: RHB Jeremy Adams
|
0-0: Called Strike 0-1: DOUBLE (Flyball, 8RXD, EV 98.8 MPH) Paul Schreiber to third
|
Batting: RHB Curt Barrett
|
0-0: Ball 1-0: Called Strike 1-1: Called Strike 1-2: Ball 2-2: Ground out 6-3 (Groundball, 6, EV 87.5 MPH) Paul Schreiber scores
|
Batting: RHB Carlos Ballesteros
|
0-0: Ball 1-0: Ball 2-0: Called Strike 2-1: Foul Ball, location: 2F 2-2: Ground out 5-3 (Groundball, 56S, EV 86.2 MPH)
|
Batting: SHB Ed Vargas
|
0-0: DOUBLE (Line Drive, 7LS, EV 102.5 MPH) Jeremy Adams scores
|
Batting: RHB Josh Burrows
|
0-0: Ball 1-0: Called Strike 1-1: Foul Ball, location: 2F 1-2: Ground out 5-3 (Groundball, 5S, EV 86.9 MPH)
|
Top of the 5th over - 2 runs, 3 hits, 0 errors, 1 left on base; Mobile 3 - Harrisburg 7 |
BOTTOM OF THE 5TH |
Harrisburg Senators batting - Pitching for Mobile BayBears : RHP Manuel Maldonado
|
Batting: RHB Jim Miske
|
0-0: Ball 1-0: Called Strike 1-1: Swinging Strike 1-2: Ground out 6-3 (Groundball, 6, EV 83.8 MPH)
|
Batting: RHB Slavik Nebrodov
|
0-0: Ball 1-0: Ball 2-0: Ball 3-0: Base on Balls
|
Batting: RHB Antonio Laurel
|
0-0: Ball 1-0: Foul Ball, location: 2F 1-1: Foul Ball, location: 2F 1-2: Grounds into double play, 6-4-3 (Groundball, 6, EV 102.5 MPH)
|
Bottom of the 5th over - 0 runs, 0 hits, 0 errors, 0 left on base; Mobile 3 - Harrisburg 7 |
TOP OF THE 6TH |
Mobile BayBears batting - Pitching for Harrisburg Senators : RHP Ivano Galikov
|
Batting: RHB Blake Beale
|
0-0: Ball 1-0: SINGLE (Groundball, 56S, EV 68.8 MPH) (infield hit)
|
Pinch Runner at 1st Koson Hirai:
|
|
Batting: RHB Chris Bittner
|
0-0: Ball 1-0: Called Strike 1-1: Ball 2-1: Fly out, F9 (Flyball, 89M, EV 78.1 MPH)
|
Batting: RHB Will Washburn
|
0-0: SINGLE (Line Drive, 34D, EV 102.5 MPH) Koson Hirai to second
|
Batting: RHB Paul Schreiber
|
0-0: Called Strike 0-1: Ball 1-1: Ball 2-1: Foul Ball, location: 2F 2-2: Fly out, F8 (Flyball, 89M, EV 91.2 MPH)
|
Batting: RHB Jeremy Adams
|
0-0: Ball 1-0: Ball 2-0: Ball 3-0: Called Strike 3-1: Fly out, F9 (Flyball, 89S, EV 86.9 MPH)
|
Top of the 6th over - 0 runs, 2 hits, 0 errors, 2 left on base; Mobile 3 - Harrisburg 7 |
BOTTOM OF THE 6TH |
Harrisburg Senators batting - Pitching for Mobile BayBears : RHP Manuel Maldonado
|
Now in CF: Koson Hirai
|
|
Batting: LHB Evan Oliveri
|
0-0: Called Strike 0-1: Ball 1-1: Ball 2-1: Foul Ball, location: 2F 2-2: Ball 3-2: DOUBLE (Groundball, 3L, EV 106.2 MPH)
|
Batting: RHB Antonio Morado
|
0-0: Called Strike 0-1: Ball 1-1: Ball 2-1: Swinging Strike 2-2: Ball 3-2: Foul Ball, location: 2F 3-2: Foul Ball, location: 2F 3-2: Strikes out swinging
|
Batting: LHB Kyung-jin Cho
|
0-0: Fly out, F7 (Flyball, 7LM, EV 108.1 MPH)
|
Batting: RHB Kevin Wick
|
0-0: Ball 1-0: Called Strike 1-1: Swinging Strike 1-2: Foul Ball, location: 2F 1-2: Ball 2-2: Ball 3-2: Base on Balls
|
Batting: RHB Mike Buchanan
|
0-0: Called Strike 0-1: Ball 1-1: Ground out 4-3 (Groundball, 4, EV 90.6 MPH)
|
Bottom of the 6th over - 0 runs, 1 hit, 0 errors, 2 left on base; Mobile 3 - Harrisburg 7 |
TOP OF THE 7TH |
Mobile BayBears batting - Pitching for Harrisburg Senators : RHP Ivano Galikov
|
Pitching: LHP Mike Alcaraz
|
|
Batting: RHB Curt Barrett
|
0-0: Ball 1-0: Foul Ball, location: 2F 1-1: Foul Ball, location: 2F 1-2: Ball 2-2: Strikes out swinging
|
Batting: RHB Carlos Ballesteros
|
0-0: Ball 1-0: Called Strike 1-1: Foul Ball, location: 2F 1-2: Strikes out swinging
|
Batting: SHB Ed Vargas
|
0-0: Swinging Strike 0-1: Ball 1-1: Ball 2-1: SINGLE (Groundball, 34, EV 110.6 MPH)
|
Batting: RHB Josh Burrows
|
0-0: Called Strike 0-1: Ball Wild Pitch! Ed Vargas to second 1-1: Swinging Strike 1-2: Strikes out looking
|
Top of the 7th over - 0 runs, 1 hit, 0 errors, 1 left on base; Mobile 3 - Harrisburg 7 |
BOTTOM OF THE 7TH |
Harrisburg Senators batting - Pitching for Mobile BayBears : RHP Manuel Maldonado
|
Pitching: RHP Mike Stover
|
|
Batting: RHB Pat Drader
|
0-0: Called Strike 0-1: Foul Ball, location: 2F 0-2: Ball 1-2: Foul Ball, location: 2F 1-2: SINGLE (Groundball, 34D, EV 94.4 MPH)
|
Batting: RHB Jim Miske
|
0-0: Swinging Strike 0-1: Ball 1-1: Swinging Strike 1-2: Strikes out swinging
|
Batting: RHB Slavik Nebrodov
|
0-0: SINGLE (Flyball, 89S, EV 95.6 MPH) Pat Drader to second Runner from 2nd tries for 3rd, SAFE, throw by RF made to third
|
Batting: RHB Antonio Laurel
|
0-0: Ball 1-0: Ball 2-0: DOUBLE (Groundball, 5L, EV 111.9 MPH) Pat Drader scores Slavik Nebrodov to third Runner from 3rd tries for Home, SAFE, no throw by LF
|
Batting: LHB Evan Oliveri
|
0-0: Foul Ball, location: 2F 0-1: Foul Ball, location: 2F 0-2: Ball 1-2: Foul Ball, location: 2F 1-2: Foul Ball, location: 2F 1-2: Ball 2-2: Foul Ball, location: 2F 2-2: Ball 3-2: Base on Balls
|
Batting: RHB Antonio Morado
|
0-0: Ball 1-0: Ball 2-0: Called Strike 2-1: Hit by Pitch Antonio Laurel to third Evan Oliveri to second
|
Batting: LHB Kyung-jin Cho
|
0-0: Ball 1-0: Ball Wild Pitch! Antonio Laurel scores Evan Oliveri to third Antonio Morado to second 2-0: Ball 3-0: Base on Balls
|
Pitching: RHP Jason Hammons
|
|
Batting: RHB Kevin Wick
|
Balk! Evan Oliveri scores Antonio Morado to third Kyung-jin Cho to second 0-0: Foul Ball, location: 2F 0-1: Fly out, F9 (Flyball, 9D, EV 90.0 MPH) Runner from 3rd tags up, SCORES, throw by RF Kyung-jin Cho to third
|
Batting: RHB Mike Buchanan
|
0-0: Ball 1-0: Called Strike 1-1: DOUBLE (Groundball, 5L, EV 108.1 MPH) Kyung-jin Cho scores
|
Batting: RHB Pat Drader
|
0-0: Ball 1-0: DOUBLE (Groundball, 3L, EV 97.5 MPH) Mike Buchanan scores
|
Pinch Runner at 2nd Pat Aviles:
|
|
Batting: RHB Jim Miske
|
0-0: Swinging Strike 0-1: Ball 1-1: Foul Ball, location: 2F 1-2: Strikes out swinging
|
Bottom of the 7th over - 7 runs, 5 hits, 0 errors, 1 left on base; Mobile 3 - Harrisburg 14 |
TOP OF THE 8TH |
Mobile BayBears batting - Pitching for Harrisburg Senators : LHP Mike Alcaraz
|
Now at 2B: Pat Aviles
|
|
Pinch Hitting: RHB Steve Machol
|
0-0: Called Strike 0-1: Swinging Strike 0-2: Strikes out swinging
|
Batting: RHB Chris Bittner
|
0-0: Ball 1-0: Fly out, F9 (Flyball, 9, EV 85.0 MPH)
|
Batting: RHB Will Washburn
|
0-0: Ball 1-0: SINGLE (Line Drive, 6MD, EV 106.2 MPH)
|
Pinch Hitting: RHB Ben Alspach
|
0-0: Foul Ball, location: 2F 0-1: Swinging Strike 0-2: Ball 1-2: Foul Ball, location: 2F 1-2: Ball 2-2: Strikes out swinging
|
Top of the 8th over - 0 runs, 1 hit, 0 errors, 1 left on base; Mobile 3 - Harrisburg 14 |
BOTTOM OF THE 8TH |
Harrisburg Senators batting - Pitching for Mobile BayBears : RHP Jason Hammons
|
Now in LF: Steve Machol
|
|
Now in CF: Ben Alspach
|
|
Batting: RHB Slavik Nebrodov
|
0-0: Ball 1-0: Ground out 6-3 (Groundball, 6, EV 83.8 MPH)
|
Batting: RHB Antonio Laurel
|
0-0: DOUBLE (Line Drive, 7LM, EV 100.6 MPH)
|
Batting: LHB Evan Oliveri
|
0-0: Ball 1-0: Ball 2-0: Foul Ball, location: 2F 2-1: SINGLE (Line Drive, 9S, EV 97.5 MPH) Antonio Laurel to third Runner from 3rd tries for Home, SAFE, throw by RF to home
|
Batting: RHB Antonio Morado
|
0-0: Ball 1-0: Foul Ball, location: 2F 1-1: Called Strike 1-2: Foul Ball, location: 2F 1-2: Strikes out swinging
|
Batting: LHB Kyung-jin Cho
|
0-0: Called Strike 0-1: Called Strike 0-2: Ball 1-2: Strikes out swinging
|
Bottom of the 8th over - 1 run, 2 hits, 0 errors, 1 left on base; Mobile 3 - Harrisburg 15 |
TOP OF THE 9TH |
Mobile BayBears batting - Pitching for Harrisburg Senators : LHP Mike Alcaraz
|
Batting: RHB Jeremy Adams
|
0-0: Ball 1-0: Called Strike 1-1: Foul Ball, location: 2F 1-2: Ball 2-2: Ground out 5-3 (Groundball, 56S, EV 90.0 MPH)
|
Batting: RHB Curt Barrett
|
0-0: Ball 1-0: Ball 2-0: Foul Ball, location: 2F 2-1: Called Strike 2-2: Ball 3-2: Base on Balls
|
Pitching: RHP Tatsuhito Shiota
|
|
Batting: RHB Carlos Ballesteros
|
0-0: Called Strike 0-1: Fly out, F7 (Line Drive, 78D, EV 87.5 MPH)
|
Batting: SHB Ed Vargas
|
0-0: Called Strike 0-1: Ball 1-1: Ball 2-1: Ball 3-1: Base on Balls Curt Barrett to second
|
Batting: RHB Josh Burrows
|
0-0: Fly out, F8 (Line Drive, 8RD, EV 95.6 MPH)
|
Top of the 9th over - 0 runs, 0 hits, 0 errors, 2 left on base; Mobile 3 - Harrisburg 15 |
|